 Dungeon Crawl Stone Soup version 0.27.1-34-g3ba077fa99 (webtiles) character file.

Game seed: 7522926921921798321

72 Arum the Skirmisher (level 4, -3/38 HPs)
             Began as a Formicid Fighter on Jan 4, 2022.
             Slain by Eustachio (5 damage)
             ... on level 4 of the Dungeon.
             The game lasted 00:01:36 (1362 turns).

Arum the Skirmisher (Formicid Fighter)              Turns: 1362, Time: 00:01:37

Health: -3/38      AC:  8    Str: 21    XL:     4   Next: 48%
Magic:  4/4        EV:  8    Int:  7    God:
Gold:   42         SH:  9    Dex: 11    Spells: 3/3 levels left

rFire    x . .     SeeInvis +   a - +0 quarterstaff
rCold    + . .     Faith    .   c - +0 kite shield
rNeg     . . .     Spirit   .   b - +0 scale mail
rPois    .         Reflect  .   (helmet unavailable)
rElec    .         Harm     .   (no cloak)
rCorr    .         Rampage  .   (no gloves)
Will     .....                  k - +0 pair of boots
Stlth    ..........             (no amulet)
HPRegen  0.12/turn              i - ring of ice
MPRegen  0.09/turn              (no ring)

@: attractive
A: permanent stasis, dig shafts and tunnels, antennae 3, four strong arms
a: Dig, Shaft Self


You were on level 4 of the Dungeon.
You visited 1 branch of the dungeon, and saw 3 of its levels.

You collected 42 gold pieces.

Inventory:

Hand Weapons
 a - a +0 quarterstaff (weapon)
Armour
 b - a +0 scale mail (worn)
 c - a +0 kite shield (worn)
 k - a +0 pair of boots (worn)
Jewellery
 i - a ring of ice (left hand)
Scrolls
 g - 2 scrolls of amnesia {unknown}
 h - 2 scrolls of identify {unknown}
 j - a scroll of enchant armour {unknown}
Potions
 d - 3 potions of might
 f - a potion of attraction


   Skills:
 * Level 4.4 Fighting
 + Level 2.8 Staves
 - Level 3.2 Armour
 + Level 4.3 Shields


You had 3 spell levels left.
You didn't know any spells.
Your spell library contained the following spells:

 Spells                   Type           Power      Damage    Failure   Level
 Apportation              Tloc           0%         N/A       98%         1
 Alistair's Intoxication  Tmut/Pois      0%         N/A       100%        5
 Invisibility             Hex            0%         N/A       100%        6


Dungeon Overview and Level Annotations

Branches:
Dungeon (2/15)

Altars:

Annotations:
D:4 Eustachio


Innate Abilities, Weirdness & Mutations

You cannot be hasted, slowed, berserked, paralysed or teleported.
You can dig through walls and to a lower floor.
You have a pair of large antennae on your head. (SInv)
Your four strong arms can wield two-handed weapons with a shield.


Message History

The puff of frost hits you!
* * * LOW HITPOINT WARNING * * *
You thump the white imp!
The white imp is severely wounded.
The white imp hits you.
* * * LOW HITPOINT WARNING * * *
The white imp freezes you.
* * * LOW HITPOINT WARNING * * *
You feel more attuned to ice.
i - a ring of ice (left hand)
The white imp barely misses you.
It was a potion of attraction.
You feel attractive to monsters. You block the white imp's attack.
It was a potion of curing.
You feel better. The white imp barely misses you.
You hit the white imp.
You kill the white imp!
The white imp disappears in a puff of smoke!
You closely miss Eustachio.
Eustachio is severely wounded.
You block Eustachio's attack.
You hit Eustachio but do no damage.
Eustachio is severely wounded.
Eustachio mumbles some strange words.
Eustachio hits you with a +1 falchion of protection.
* * * LOW HITPOINT WARNING * * *
You hit Eustachio but do no damage.
Eustachio is severely wounded.
You block Eustachio's attack.
You barely miss Eustachio.
Eustachio is severely wounded.
Eustachio hits you with a +1 falchion of protection.
* * * LOW HITPOINT WARNING * * *
You closely miss Eustachio.
Eustachio is severely wounded.
Eustachio hits you with a +1 falchion of protection.
* * * LOW HITPOINT WARNING * * *
Eustachio screams, "Hey, you killed my favourite bat!"
Eustachio hits you with a +1 falchion of protection.
You die...

#.# #.# #.#
#.# #.# #.#
#.# #.# #.#
#.# #.# #.#
#.# #.# ###
#.# ##@# #.#
#@## #.#
####{###.#
#.#..{{....#
#.#.########
#.#.# #.#.#
#.#.# #
#.#.#


You could see Eustachio.

Vanquished Creatures
  A jelly (D:4)
  A dart slug (D:1)
  2 ball pythons (D:1)
  3 bats (D:1)
  2 endoplasms (D:1)
  2 giant cockroaches (D:1)
  4 goblins
  3 hobgoblins (D:1)
  4 jackals (D:1)
  5 frilled lizards (D:1)
  4 kobolds (D:1)
  7 rats (D:1)
38 creatures vanquished.

Notes
Turn   | Place    | Note
-------+----------+-------------------------------------------
     0 | D:1      | Arum the Formicid Fighter began the quest for the Orb.
     0 | D:1      | Reached XP level 1. HP: 18/18 MP: 1/1
    96 | D:1      | Reached XP level 2. HP: 21/24 MP: 2/2
   260 | D:1      | Reached XP level 3. HP: 27/30 MP: 3/3
   324 | D:1      | Found a faded altar of an unknown god.
  1006 | D:2      | You fall into a shaft and drop 2 floors!
  1137 | D:4      | Reached XP level 4. HP: 20/38 MP: 4/4
  1303 | D:4      | Noticed Eustachio
  1362 | D:4      | Slain by Eustachio

Illustrated notes

Levels and vault maps discovered:
D:1:      evilmike_arrival_crescent, layout_basic,
          hellmonk_ecumenical_altar_heavens_door
D:2:      layout_rooms, uniq_natasha, uniq_jessica
D:4:      layout_basic, minmay_temple_entry_crystal_x, st_stairs_3,
          minmay_misc_feat_five, serial_park_tiny_1, nicolae_zen_rock_garden,
          uniq_eustachio, uniq_duvessa

Skill      XL: |  1  2  3 |
---------------+----------+-----
Shields        | 4 |  4.3
Fighting       | 4 |  4.4
Staves         | |  2.8
Armour         | |  3.2

Action                   |  1- 3 |  4- 6 || total
-------------------------+-------+-------++-------
Melee: Quarterstaff      |    95 |    43 ||   138
 Abil: Dig               |       |     1 ||     1
  Use: Potion            |       |     2 ||     2
Armor: Scale mail        |    51 |    17 ||    68
Dodge: Dodged            |    34 |    14 ||    48
Block: Kite shield       |    61 |    25 ||    86
